 Dungeon Crawl Stone Soup version 0.29-a0-369-gd956c00756 (webtiles) character file.

Game seed: 743127872071818371

18 Hubjo the Firebug (level 2, 0/16 HPs)
             Began as a Deep Elf Fire Elementalist on May 1, 2022.
             Slain by a quokka (2 damage)
             ... on level 1 of the Dungeon.
             The game lasted 00:01:23 (1157 turns).

Hubjo the Firebug (Deep Elf Fire Elementalist)      Turns: 1157, Time: 00:01:24

Health: 0/16       AC:  2    Str:  5    XL:     2   Next: 48%
Magic:  8/8        EV: 12    Int: 19    God:
Gold:   64         SH:  0    Dex: 15    Spells: 6/7 levels left

rFire   . . .      SeeInvis .   e - +0 dagger
rCold   . . .      Faith    .   (no shield)
rNeg    . . .      Spirit   .   a - +0 robe
rPois   .          Reflect  .   (no helmet)
rElec   .          Harm     .   (no cloak)
rCorr   .          Rampage  .   (no gloves)
Will    .....                   (no boots)
Stlth   ++........              (no amulet)
HPRegen 0.05/turn               (no ring)
MPRegen 0.11/turn               (no ring)

@: no status effects
A: no striking features
a: no special abilities


You were on level 1 of the Dungeon.
You visited 1 branch of the dungeon, and saw 1 of its levels.

You collected 64 gold pieces.

Inventory:

Hand Weapons
 e - a +0 dagger (weapon)
Armour
 a - a +0 robe (worn)
Potions
 b - 2 potions of magic
 c - a potion of degeneration {unknown}
 d - 2 potions of curing {unknown}
 f - a potion of brilliance {unknown}
 g - a potion of cancellation {unknown}
 h - a potion of haste {unknown}


   Skills:
 * Level 1.1 Fighting
 - Level 2.4 Dodging
 + Level 2.9 Stealth
 - Level 3.2 Spellcasting
 - Level 1.1 Conjurations
 - Level 3.4 Fire Magic


You had 6 spell levels left.
You knew the following spells:

 Your Spells              Type           Power      Damage    Failure   Level
a - Foxfire               Conj/Fire      44%        2x1d6     6%          1

Your spell library contained the following spells:

 Spells                   Type           Power      Damage    Failure   Level
 Scorch                   Fire           32%        2d6       5%          2
 Conjure Flame            Conj/Fire      11%        6-21      17%         3
 Static Discharge         Conj/Air       5%         N/A       19%         2
 Inner Flame              Hex/Fire       9%         N/A       22%         3
 Flame Wave               Conj/Fire      11%        2d5       50%         4
 Lightning Bolt           Conj/Air       2%         1d14      97%         5
 Maxwell's Capacitive Co  Air            1%         ∞         100%        8


Dungeon Overview and Level Annotations

Branches:
Dungeon (1/15)

Altars:
Trog

Shops:
D:1 !


Message History

You kill the rat!
You conjure some foxfire!
Your foxfire dissipates!
You conjure some foxfire!
Your foxfire dissipates! x2
Your foxfire dissipates! x2
Your foxfire dissipates! x2
There is a bloodstained altar of Trog here.
You kneel at the altar of Trog.
Trog welcomes you back!
Really renounce your faith, foregoing its fabulous benefits?
Are you sure? [Y]es or [N]o only, please.
Are you sure? [Y]es or [N]o only, please.
Are you sure?
You have lost your religion!
Trog does not appreciate desertion!
As you open the door, it creaks loudly!
There is an open door here.
A bat and a quokka come into view.
You see here a fuming green potion.
There are monsters nearby!
You see here a book of Lightning.
You pick up a book of Lightning and begin reading...
You add the spells Static Discharge, Lightning Bolt and Maxwell's Capacitive Coupling to your library.
Okay, then.
The quokka bites you. The quokka bites you. The quokka misses you.
The bat hits you. x2; The quokka closely misses you. x2
The bat closely misses you. The quokka closely misses you.
The quokka bites you.
* * * LOW HITPOINT WARNING * * *
The bat misses you.
The quokka bites you but does no damage.
The bat hits you.
* * * LOW HITPOINT WARNING * * *
The quokka bites you.
You die...

...#.#+##.#........#####.#
....#.# #.#.......[#####+#
...... .(.........##.....
# ##.#.....[..##..... ..
#. #.#.........'.....
...#.##.#.##.....##.....
...........#.....##.....
...........#.....##.....
..#####@...#.######.....
......r..b.#.# #.....
......#.#..#.# ######
........!....#
...##.#....#.# ..
.....#.#### # ###.#.#.#
#.#.#.# # ###.#


You could see a quokka and a bat.

Vanquished Creatures
  A dart slug (D:1)
  A bat (D:1)
  An endoplasm (D:1)
  A giant cockroach (D:1)
  2 jackals (D:1)
  A kobold (D:1)
  3 ball pythons (D:1)
  2 frilled lizards (D:1)
  3 goblins (D:1)
  A rat (D:1)
16 creatures vanquished.

Vanquished Creatures (others)
  89 foxfires (D:1)
89 creatures vanquished.

Grand Total: 105 creatures vanquished

Notes
Turn   | Place    | Note
-------+----------+-------------------------------------------
     0 | D:1      | Hubjo the Deep Elf Fire Elementalist began the quest for
                  | the Orb.
     0 | D:1      | Reached XP level 1. HP: 10/10 MP: 6/6
   482 | D:1      | Reached XP level 2. HP: 15/16 MP: 0/8
   557 | D:1      | Found a faded altar of an unknown god.
   572 | D:1      | Prayed at the altar of an unknown god.
   572 | D:1      | Became a worshipper of Trog the Wrathful
   572 | D:1      | Reached * piety under Trog
   626 | D:1      | Fell from the grace of Trog
   729 | D:1      | Reached skill level 1 in Fighting
   821 | D:1      | Found Xocew's Distillery.
  1092 | D:1      | Became a worshipper of Trog the Wrathful
  1093 | D:1      | Fell from the grace of Trog
  1157 | D:1      | Slain by a quokka

Illustrated notes

Levels and vault maps discovered:
D:1:      dpeg_arrival_arbitrary_c, layout_basic,
          chequers_ecumenical_altar_simple, serial_shops,
          nicolae_shop_hallway_plus

Skill      XL: |  1  2 |
---------------+-------+-----
Fighting       | 1 |  1.1
Dodging        | |  2.4
Stealth        | |  2.9
Spellcasting   | |  3.2
Conjurations   | |  1.1
Fire Magic     | |  3.4

Action                   || total
-------------------------++-------
Melee: Dagger            ||     1
 Cast: Foxfire           ||    51
Invok: Renounce Religion ||     2
Armor: Robe              ||     1
Dodge: Dodged            ||     9

Table legend: (Time is in decaauts)
 A = Elapsed time spent in this place.
 B = Non-inter-level travel time spent in this place.
 C = Inter-level travel time spent in this place.
 D = Time resting spent in this place.
 E = Time spent auto-exploring this place.
 F = Levels seen in this place.
 G = Mean time per level.
                   A        B        C        D        E       F      G
               +--------+--------+--------+--------+--------+-----+--------+
         Total |   1156 |   1156 |      0 |      0 |   1031 |   1 | 1156.0 |
       Dungeon |   1156 |   1156 |      0 |      0 |   1031 |   1 | 1156.0 |
               +--------+--------+--------+--------+--------+-----+--------+

Top non-repeatable levels by time:
     D:1: 1156 daAuts
